 Dungeon Crawl Stone Soup version 0.19-a0-1891-ge1d1fe8 (webtiles) character file.

302 Softman25 the Conjurer (level 6, -12/36 HPs)
             Began as a High Elf Conjurer on Oct 18, 2016.
             Mangled by an ogre
             ... wielding a +0 giant club
              (31 damage)
             ... on level 4 of the Dungeon.
             The game lasted 00:14:31 (3248 turns).

Softman25 the Conjurer (High Elf Conjurer)          Turns: 3248, Time: 00:14:32

Health: -12/36     AC:  3    Str: 11    XL:     6   Next: 14%
Magic:  2/13       EV: 13    Int: 20    God:
Gold:   103        SH:  0    Dex: 16    Spells: 3 memorised, 6 levels left

rFire  . . .     SeeInvis .     p - +3 quarterstaff (chaos)
rCold  . . .     Gourm    .     a - +0 robe
rNeg   . . .     Faith    .     (shield currently unavailable)
rPois  .         Spirit   .     (no helmet)
rElec  .         Reflect  .     q - +0 cloak
rCorr  .         Harm     .     (no gloves)
MR     .....                    (no boots)
Stlth  ++........               i - amulet of regeneration
                                (no ring)
                                e - +3 ring of strength

@: no status effects
A: no striking features
a: no special abilities


You were on level 4 of the Dungeon.
You were not hungry.

You visited 1 branch of the dungeon, and saw 4 of its levels.

You collected 103 gold pieces.

Inventory:

Hand Weapons
 g - a +0 dagger
 p - a +3 quarterstaff of chaos (weapon)
Armour
 a - a +0 robe (worn)
 q - a +0 cloak (worn)
 x - the +8 chain mail "Hogiatau" {rPois rF- MR+ Str+2}
   (You found it on level 4 of the Dungeon)

   It affects your strength (+2).
   It makes you vulnerable to fire.
   It protects you from poison.
   It affects your resistance to hostile enchantments.
Jewellery
 e - a +3 ring of strength (left hand)
 i - an amulet of regeneration (around neck)
Wands
 n - a wand of paralysis (3/24)
 r - a wand of confusion (22/48)
Scrolls
 k - a scroll of immolation
Potions
 h - 2 potions of resistance
 j - 2 potions of might {unknown}
 l - a potion of flight {unknown}
 o - a potion of cure mutation {unknown}
 s - a potion of lignification {unknown}
 v - a potion of curing {unknown}
 w - a potion of agility {unknown}
Books
 b - a book of Conjurations

   Spells                             Type                      Level
   a - Magic Dart                     Conjuration                  1
   b - Searing Ray                    Conjuration                  2
   c - Dazzling Spray                 Conjuration/Hexes            3
   d - Fulminant Prism                Conjuration/Hexes            4
   e - Iskenderun's Mystic Blast      Conjuration                  4
   f - Iskenderun's Battlesphere      Conjuration/Charms           5
Comestibles
 c - 3 bread rations
 d - a royal jelly
 f - 3 meat rations
 t - 2 slices of pizza


   Skills:
 - Level 2.6 Short Blades
 - Level 3.1 Staves
 - Level 2.1 Dodging
 - Level 2.1 Stealth
 + Level 4.4 Spellcasting
 + Level 5.5 Conjurations


You had 6 spell levels left.
You knew the following spells:

 Your Spells              Type           Power        Failure   Level  Hunger
a - Magic Dart            Conj           ####         1%          1    None
b - Searing Ray           Conj           ####..       1%          2    #......
c - Iskenderun's Mystic   Conj           ####....     14%         4    ####...


Dungeon Overview and Level Annotations

Branches:
Dungeon (4/15)
 Temple: D:4-7

Altars:


Message History

The magic dart hits the ogre.
The ogre is severely wounded.
The ogre barely misses you.
Casting: Magic Dart
Confirm with . or Enter, or press ? or * to list all spells.
Aiming: Magic Dart
Press: ? - help, Shift-Dir - straight line, f/p - ogre
Aim: an ogre, wielding a giant club (severely wounded)
The magic dart hits the ogre.
The ogre is severely wounded.
Casting: Magic Dart
Confirm with . or Enter, or press ? or * to list all spells.
Aiming: Magic Dart
Press: ? - help, Shift-Dir - straight line, f/p - ogre
Aim: an ogre, wielding a giant club (severely wounded)
The magic dart hits the ogre.
The ogre is almost dead.
The ogre hits you with a giant club!!
Ouch! That really hurt!
You die...

..## ... ##.. #..
#### #######.#
..## .%......#
...# #######.#
#..# #.## ##O# #
#.†####.@#..#
##÷.††.....#
####.#.#.##
#.#..(#
########.###.#
#...........#.####
#.#######.........
#.# ##.....## #.#
### #.....#


You could see an ogre.

Vanquished Creatures
  2 orc wizards (D:3)
  Crazy Yiuf (D:2)
  Ijyb (D:2)
  Natasha (D:2)
  Terence (D:2)
  A worker ant (D:4)
  An adder (D:3)
  3 worms
  5 leopard geckos
  5 orcs (D:3)
  A ball python (D:3)
  5 bats
  2 giant cockroaches
  6 goblins
  10 hobgoblins
  10 jackals
  A quokka (D:3)
  6 frilled lizards
  6 kobolds
  7 rats
75 creatures vanquished.

Vanquished Creatures (others)
  An orc wizard (D:3)
1 creature vanquished.

Grand Total: 76 creatures vanquished

Notes
Turn   | Place    | Note
-------+----------+-------------------------------------------
     0 | D:1      | Softman25 the High Elf Conjurer began the quest for the Orb.
     0 | D:1      | Reached XP level 1. HP: 11/11 MP: 4/4
   248 | D:1      | Reached XP level 2. HP: 17/17 MP: 3/6
   387 | D:1      | Learned a level 2 spell: Searing Ray
  1089 | D:2      | Reached XP level 3. HP: 21/21 MP: 4/8
  1127 | D:2      | Reached skill level 5 in Conjurations
  1536 | D:2      | Noticed Natasha
  1542 | D:2      | Killed Natasha
  1601 | D:2      | Noticed Ijyb
  1608 | D:2      | Paralysed by Ijyb for 4 turns
  1627 | D:2      | Paralysed by Ijyb for 7 turns
  1637 | D:2      | Paralysed by Ijyb for 3 turns
  1644 | D:2      | Paralysed by Ijyb for 6 turns
  1655 | D:2      | Paralysed by Ijyb for 2 turns
  1664 | D:2      | Killed Ijyb
  1664 | D:2      | Reached XP level 4. HP: 19/27 MP: 0/11
  1768 | D:2      | Learned a level 4 spell: Iskenderun's Mystic Blast
  1796 | D:2      | Noticed Terence
  1808 | D:2      | Killed Terence
  1808 | D:2      | Reached skill level 1 in Short Blades
  1946 | D:2      | Found a faded altar of an unknown god.
  2067 | D:2      | Found a runed door.
  2071 | D:2      | Noticed Crazy Yiuf
  2080 | D:2      | Killed Crazy Yiuf
  2080 | D:2      | Reached XP level 5. HP: 10/31 MP: 3/12
  2405 | D:3      | Reached skill level 1 in Staves
  2988 | D:3      | Reached XP level 6. HP: 36/36 MP: 11/13
  3172 | D:4      | Got a warped chain mail
  3186 | D:3      | Identified the +8 chain mail "Hogiatau" {rPois rF- MR+ Str+2} (You found it on level 4 of the Dungeon)
  3248 | D:4      | Mangled by an ogre

Vault maps used:
D:1:      saegor_arrival_simple_e, minmay_tetromino_s2
D:2:      ecumenical_altar_1, hangedman_feature_mirror,
          kennysheep_pointless_box, uniq_terence, uniq_iyjb,
          uniq_crazy_yiuf_cottage, uniq_natasha
D:3:      grunt_ministairs_8, minmay_fountain_box
D:4:      minmay_close_crescents

Skill      XL: |  1  2  3  4  5 |
---------------+----------------+-----
Spellcasting   | 3 4 |  4.4
Conjurations   | 5 |  5.5
Short Blades   | 2 |  2.6
Staves         | 3 |  3.1
Dodging        | |  2.1
Stealth        | |  2.1

Action                   |  1- 3 |  4- 6 || total
-------------------------+-------+-------++-------
Melee: Dagger            |    21 |    12 ||    33
       Quarterstaff      |       |    26 ||    26
 Cast: Magic Dart        |    54 |    57 ||   111
       Searing Ray       |     6 |     4 ||    10
       Iskenderun's Myst |       |     3 ||     3
  Use: Scroll            |       |     6 ||     6
 Stab: Sleeping          |     2 |     1 ||     3
       Paralysed         |       |     1 ||     1
  Eat: Chunk             |     2 |     6 ||     8
Armor: Robe              |     7 |     5 ||    12
Dodge: Dodged            |    23 |    30 ||    53
